 Dungeon Crawl Stone Soup version 0.21-a0-509-gecc5317 (webtiles) character file.

223 slep the Chopper (level 6, -3/51 HPs)
             Began as a Hill Orc Gladiator on Dec 1, 2017.
             Slain by an iguana (9 damage)
             ... on level 4 of the Dungeon.
             The game lasted 00:08:17 (2214 turns).

slep the Chopper (Hill Orc Gladiator)               Turns: 2214, Time: 00:08:18

Health: -3/51      AC: 10    Str: 18    XL:     6   Next: 0%
Magic:  6/6        EV: 12    Int:  8    God:
Gold:   180        SH:  0    Dex: 13    Spells: 5/5 levels left

rFire    . . .     SeeInvis .   a - +0 war axe
rCold    + . .     Gourm    .   (no shield)
rNeg     . . .     Faith    .   n - +0 ring mail
rPois    .         Spirit   .   c - +0 helmet
rElec    .         Reflect  .   (no cloak)
rCorr    .         Harm     .   q - +0 pair of gloves
MR       +....                  C - +2 pair of boots
Stlth    +.........             (no amulet)
HPRegen  0.17/turn              r - ring of protection from cold
MPRegen  0.10/turn              u - ring of protection from magic

@: no status effects
A: no striking features
a: no special abilities


You were on level 4 of the Dungeon.
You were not hungry.

You visited 1 branch of the dungeon, and saw 4 of its levels.

You collected 180 gold pieces.

Inventory:

Hand Weapons
 a - a +0 war axe (weapon)
Missiles
 d - 2 throwing nets (quivered)
Armour
 b - a +0 leather armour
 c - a +0 helmet (worn)
 n - a +0 ring mail (worn)
 q - a +0 pair of gloves (worn)
 C - a +2 pair of boots (worn)
Jewellery
 r - a ring of protection from cold (left hand)
 t - an uncursed ring of ice
 u - a ring of protection from magic (right hand)
 v - a +4 ring of intelligence
 D - an uncursed ring of stealth
Scrolls
 e - 6 scrolls of teleportation {unknown}
 h - 5 scrolls of identify {unknown}
 l - a scroll of enchant armour {unknown}
 o - 2 scrolls of noise {unknown}
 s - 2 scrolls of enchant weapon {unknown}
 w - a scroll of magic mapping {unknown}
 y - a scroll of blinking {unknown}
 A - a scroll of immolation {unknown}
 E - a scroll of fog {unknown}
 F - a scroll of remove curse {unknown}
Potions
 j - a potion of curing {unknown}
 k - a potion of flight {unknown}
 m - a potion of berserk rage {unknown}
 x - 2 potions of haste {unknown}
 z - a potion of agility {unknown}
 B - a potion of brilliance {unknown}
Comestibles
 f - 4 bread rations
 g - 3 meat rations
 i - a royal jelly
 p - 5 fruits


   Skills:
 + Level 3.0 Fighting
 + Level 6.6 Axes
 + Level 1.7 Throwing
 + Level 2.3 Armour
 + Level 3.3 Dodging


You had 5 spell levels left.
You didn't know any spells.

Dungeon Overview and Level Annotations

Branches:
Dungeon (4/15)
 Temple: D:4-7

Altars:
Fedhas


Message History

The iguana closely misses you. The centaur skeleton hits you.
* * * LOW HITPOINT WARNING * * *
You completely miss the iguana.
The iguana is severely wounded.
You hit the centaur skeleton.
You destroy the centaur skeleton!
Your Armour skill increases to level 2!
You have reached level 6!
Your experience leads to an increase in your attributes!
Increase (S)trength, (I)ntelligence, or (D)exterity?
You feel agile. The iguana bites you.
* * * LOW HITPOINT WARNING * * *
You closely miss the iguana.
The iguana is severely wounded.
The iguana barely misses you.
You barely miss the iguana.
The iguana is severely wounded.
The iguana bites you!
You die...

#.#..## ...# #....#
.... ##...# .....
##..# ..... ##..#
...... ###...##
......# ###......#
......l###.....##..#
#@.....^## #..#
#......#...# #..#
#..######### #.# ###
##


You could see an iguana.

Vanquished Creatures
  A scorpion (D:4)
  A centaur skeleton (D:4)
  A worker ant zombie (D:2)
  4 gnolls (D:2)
  4 adders
  A dart slug (D:2)
  4 leopard geckos
  A ball python (D:3)
  9 bats
  4 giant cockroaches
  9 goblins
  4 hobgoblins
  3 kobolds
  A quokka (D:3)
  3 frilled lizards (D:1)
  7 rats
57 creatures vanquished.

Notes
Turn   | Place    | Note
-------+----------+-------------------------------------------
     0 | D:1      | slep the Hill Orc Gladiator began the quest for the Orb.
     0 | D:1      | Reached XP level 1. HP: 18/18 MP: 1/1
   166 | D:1      | Reached XP level 2. HP: 19/25 MP: 2/2
   681 | D:2      | Reached XP level 3. HP: 30/30 MP: 3/3
   766 | D:2      | Found a faded altar of an unknown god.
   895 | D:2      | Reached skill level 5 in Axes
   897 | D:2      | Reached skill level 1 in Armour
   914 | D:2      | Reached XP level 4. HP: 5/37 MP: 4/4
  1836 | D:3      | Reached XP level 5. HP: 44/44 MP: 5/5
  1854 | D:3      | Reached skill level 6 in Axes
  2005 | D:3      | Found a blossoming altar of Fedhas.
  2212 | D:4      | Reached XP level 6. HP: 12/51 MP: 6/6
  2214 | D:4      | Slain by an iguana

Vault maps used:
D:1:      lightli_iron_boxes
D:2:      chequers_ecumenical_altar_simple, minmay_misc_feat_cross
D:3:      marbit_many_paths, first_bread
D:4:      st_stairs_11, uniq_ijyb

Skill      XL: |  1  2  3  4  5 |
---------------+----------------+-----
Axes           | 5 6 |  6.6
Armour         | 1 2 |  2.3
Dodging        | 3 |  3.3
Fighting       | 3 |  3.0
Throwing       | |  1.7

Action                   |  1- 3 |  4- 6 || total
-------------------------+-------+-------++-------
Melee: War axe           |   103 |    87 ||   190
Throw: Throwing net      |     1 |       ||     1
 Stab: Held in net/web   |     1 |       ||     1
  Eat: Chunk             |       |     4 ||     4
Armor: Leather armour    |    20 |       ||    20
       Ring mail         |    23 |    57 ||    80
Dodge: Dodged            |    74 |    74 ||   148

Table legend:
 A = Spawn XP
 B = Non-spawn XP
 C = Spawn XP percentage of total XP
 D = Spawn monster count
 E = Non-spawn monster count
 F = Spawn count percentage of total count
 G = Total turns spent on level
                    A         B        C        D         E        F      G
               +---------+---------+-------+---------+---------+-------+---------
         Total |       0 |     319 |   0.0 |       0 |      57 |   0.0 |  2214
               +---------+---------+-------+---------+---------+-------+---------
           D:1 |       0 |      29 |   0.0 |       0 |      19 |   0.0 |   641
           D:2 |       0 |     102 |   0.0 |       0 |      14 |   0.0 |  1088
           D:3 |       0 |      73 |   0.0 |       0 |      21 |   0.0 |   389
           D:4 |       0 |     115 |   0.0 |       0 |       3 |   0.0 |    96
               +---------+---------+-------+---------+---------+-------+---------
